 Dungeon Crawl Stone Soup version 0.28-a0-655-g4eb62b627b (webtiles) character file.

Game seed: 15759482571229974983

229309 flotson the Tortoise (level 18, -3/148 HPs)
             Began as a Demonspawn Delver on Oct 11, 2021.
             Was an Initiate of Gozag.
             Slain by a deep elf blademaster (10 damage)
             ... on level 2 of the Elven Halls on Oct 12, 2021.
             The game lasted 02:20:19 (57347 turns).

flotson the Tortoise (Demonspawn Delver)           Turns: 57347, Time: 02:20:20

Health: -3/148     AC: 46    Str: 19    XL:     18   Next: 73%
Magic:  18/18      EV: 18    Int: 13    God:    Gozag
Gold:   917        SH: 20    Dex: 15    Spells: 17/17 levels left

rFire   + . .      SeeInvis .   a - +5 broad axe (vorpal)
rCold   + . .      Faith    .   S - +2 tower shield
rNeg    . . .      Spirit   .   Q - +3 gold dragon scales
rPois   +          Reflect  .   A - +2 helmet
rElec   .          Harm     .   b - +2 cloak {rCorr}
rCorr   +          Rampage  .   (gloves unavailable)
Will    ++...                   q - +2 pair of boots
Stlth   ..........              K - amulet of regeneration
HPRegen 1.34/turn               y - +4 ring of evasion
MPRegen 0.16/turn               l - ring of the Hare {EV+8}

@: mighty, sanguine armoured, studying Armour
A: powered by pain 2, sanguine armour 3, demonic magic 2, demonic willpower,
demonic touch 3
}: 1/15 runes: serpentine
a: Renounce Religion, Potion Petition, Call Merchant, Bribe Branch


You were on level 2 of the Elven Halls.
You worshipped Gozag.
Gozag was pleased with you.
You visited 6 branches of the dungeon, and saw 30 of its levels.
You visited the Abyss 1 time.
You visited 1 bazaar.
You also visited: Ossuary and Gauntlet.

You collected 12727 gold pieces.
You spent 5880 gold pieces at shops.
You paid 5930 gold pieces to Gozag.

Inventory:

Hand Weapons
 a - a +5 vorpal broad axe (weapon)
 w - a +3 scimitar of flaming
 B - a +0 antimagic war axe
Missiles
 D - 2 silver boomerangs
 H - 4 curare-tipped darts
 I - 5 javelins
 N - 6 boomerangs of dispersal
 P - 4 silver javelins (quivered)
 U - 3 atropa-tipped darts
 Z - 6 datura-tipped darts
Armour
 b - a +2 cloak of preservation (worn)
 q - a +2 pair of boots (worn)
 A - a +2 helmet (worn)
 Q - +3 gold dragon scales (worn)
 S - a +2 tower shield (worn)
Jewellery
 l - the ring of the Hare (right hand) {EV+8}
   (You bought it in a shop on level 1 of the Orcish Mines)

   [ring of evasion]

   EV:        It affects your evasion (+8).
 n - a +4 ring of protection
 o - an amulet of reflection
 y - a +4 ring of evasion (left hand)
 F - a ring of see invisible
 K - an amulet of regeneration (around neck)
 T - a ring of flight
Wands
 e - a wand of acid (5)
 g - a wand of digging (21)
 E - a wand of flame (94)
 M - a wand of charming (18)
 X - a wand of mindburst (18)
Scrolls
 d - 13 scrolls of teleportation
 h - 2 scrolls of summoning
 i - 2 scrolls of torment
 p - a scroll of silence
 r - 3 scrolls of magic mapping
 s - a scroll of fear
 t - 2 scrolls of vulnerability
 u - 13 scrolls of identify
 x - a scroll of holy word
 J - 2 scrolls of immolation
 R - 7 scrolls of fog
Potions
 f - 4 potions of haste
 j - 6 potions of mutation
 k - 2 potions of might
 m - 6 potions of curing
 z - 3 potions of attraction
 C - a potion of ambrosia
 L - 4 potions of lignification
 W - a potion of berserk rage
Miscellaneous
 v - a condenser vane


   Skills:
 + Level 14.8 Fighting
 + Level 13.5 Axes
 + Level 10.1 Throwing
 + Level 15.2 Armour
 + Level 13.5 Dodging
 - Level 4.5 Stealth
 + Level 13.2 Shields
 + Level 10.5 Evocations


You had 17 spell levels left.
You didn't know any spells.
Your spell library contained the following spells:

 Spells                   Type           Power      Damage    Failure   Level
 Magic Dart               Conj           0%         1d3       100%        1
 Shock                    Conj/Air       0%         1d3       100%        1
 Sting                    Tmut/Pois      0%         1d3       100%        1
 Call Imp                 Summ           0%         N/A       100%        2
 Static Discharge         Conj/Air       0%         N/A       100%        2
 Call Canine Familiar     Summ           0%         N/A       100%        3
 Conjure Flame            Conj/Fire      0%         6-21      100%        3
 Dazzling Flash           Conj/Hex       0%         N/A       100%        3
 Frozen Ramparts          Ice            0%         1d2       100%        3
 Gell's Gravitas          Tloc           0%         N/A       100%        3
 Ignite Poison            Fire/Tmut/Pois 0%         N/A       100%        3
 Mephitic Cloud           Conj/Pois/Air  0%         N/A       100%        3
 Portal Projectile        Hex/Tloc       0%         N/A       100%        3
 Swiftness                Air            0%         N/A       100%        3
 Teleport Other           Tloc           0%         N/A       100%        3
 Airstrike                Air            0%         N/A       100%        4
 Hailstorm                Conj/Ice       0%         3d3       100%        4
 Ice Form                 Ice/Tmut       0%         N/A       100%        4
 Iskenderun's Mystic Bla  Conj/Tloc      0%         2d3       100%        4
 Leda's Liquefaction      Hex/Erth       0%         N/A       100%        4
 Olgreb's Toxic Radiance  Pois           0%         N/A       100%        4
 Sticky Flame             Conj/Fire      0%         2d3       100%        4
 Summon Ice Beast         Ice/Summ       0%         N/A       100%        4
 Summon Lightning Spire   Summ/Air       0%         N/A       100%        4
 Lightning Bolt           Conj/Air       0%         1d11      100%        5
 Silence                  Hex/Air        0%         N/A       100%        5
 Summon Forest            Summ/Tloc      0%         N/A       100%        5
 Summon Mana Viper        Hex/Summ       0%         N/A       100%        5
 Dispersal                Tloc           0%         N/A       100%        6
 Simulacrum               Ice/Necr       0%         N/A       100%        6
 Starburst                Conj/Fire      0%         6d3       100%        6
 Summon Cactus Giant      Summ           0%         N/A       100%        6
 Ozocubu's Refrigeration  Ice            0%         4d5       100%        7
 Borgnjor's Revivificati  Necr           0%         N/A       100%        8
 Ignition                 Fire           0%         3d3       100%        8
 Maxwell's Capacitive Co  Air            0%         ∞         100%        8
 Necromutation            Tmut/Necr      0%         N/A       100%        8
 Death's Door             Necr           0%         N/A       100%        9


Dungeon Overview and Level Annotations

Branches:
Dungeon (15/15)            Temple (1/1) D:7            Lair (5/6) D:11
 Shoals (0/4) Lair:2        Snake (4/4) Lair:4          Orc (2/2) D:10
    Elf (3/3) Orc:2        Vaults (0/5) D:14         Depths (0/4) D:15
Ossuary (visited)         Gauntlet (visited)
  Slime: Lair:5-6

Altars:
Ashenzari
Cheibriados
Dithmenos
Elyvilon
Fedhas
Gozag
Hepliaklqana
Kikubaaqudgha
Makhleb
Nemelex Xobeh
Okawaru
Sif Muna
Trog
Uskayaw
Vehumet
Wu Jian
Xom
Zin
The Shining One

Shops:
D:10 *   D:14 :   Orc:1 =[*   Orc:2 (==[?   Elf:1 [   Snake:3 *   Snake:4 *

Portals:
Trove: D:11 (give +4 shadow dragon scales)

Annotations:
Snake:3 3 runed translucent doors, exclusion: obsidian statue, Kesiemad's ghost, journeyman GnWz


Innate Abilities, Weirdness & Mutations

You sometimes gain power by taking damage.
When seriously injured, your bleeding wounds create very thick armour. (AC +12)
Spells you cast may paralyse nearby enemies.
You punish those that try to bend your will. (Will+)
Your touch may irresistibly damage your foes and sap their willpower.


Message History

The deep elf blademaster is severely wounded.
You block the deep elf blademaster's attack.
The deep elf blademaster completely misses you.
The deep elf blademaster hits you with a +0 rapier!
* * * LOW HITPOINT WARNING * * *
You block the deep elf blademaster's attack.
Aiming: Mindburst
Press: ? - help, Shift-Dir - straight line, f - deep elf blademaster
Aim: a deep elf blademaster, wielding two +0 rapiers and wearing a +0 leather armour (heavily wounded, chance to affect: 17%)
Okay, then.
Unknown command.
Unknown command.
Aiming: Corrosive Bolt
Press: ? - help, Shift-Dir - straight line, f - deep elf blademaster
Aim: a deep elf blademaster, wielding two +0 rapiers and wearing a +0 leather armour (heavily wounded, 35% to hit)
The bolt of acid misses the deep elf blademaster.
The deep elf blademaster hits you with a +0 rapier.
* * * LOW HITPOINT WARNING * * *
The deep elf blademaster hits you but does no damage.
You block the deep elf blademaster's attack. x2
You slash the deep elf blademaster!
The deep elf blademaster is severely wounded.
The deep elf blademaster completely misses you.
The deep elf blademaster hits you but does no damage.
You completely miss the deep elf blademaster.
The deep elf blademaster is severely wounded.
The deep elf blademaster hits you but does no damage.
You block the deep elf blademaster's attack.
The deep elf blademaster completely misses you.
The deep elf blademaster misses you.
You completely miss the deep elf blademaster.
The deep elf blademaster is severely wounded.
The deep elf blademaster hits you with a +0 rapier!
* * * LOW HITPOINT WARNING * * *
The deep elf blademaster hits you with a +0 rapier!
* * * LOW HITPOINT WARNING * * *
The deep elf blademaster hits you but does no damage.
The deep elf blademaster hits you with a +0 rapier!
You die...
Your body crumbles into a pile of gold.

#### ###..# ##### ##....#
##...## ####### ......#
##.....## #)....# ......#
##.^>....######.....#
..)...#####.........'...'.....#
##)<..'...'.........#####.....#
#)#..#####.[.....).# #.....#
#)#### ##...[@e.## ####### #[#
##'#.)...'## #)# ##.###.)<##.##
#.# ##.## ##'####.## #.# ##.##
#[# ##.## # ##'####[#######'###
##.## ## .....#[####....)..#
##.## ##. .....[####........#
##.## ##.# ..>.[)###≈≈≈§≈...##
##.####'##


You could see a deep elf blademaster.

Vanquished Creatures
  Mara (Snake:4)
  Rupert (D:14)
  A deep elf blademaster (Elf:2)
  4 sphinxes (Elf:1)
  Agnes (D:15)
  3 nagarajas (Snake:4)
  A deep elf sorcerer (Elf:3)
  A fire giant (D:14)
  A very ugly thing (D:15)
  2 deep elf demonologists (Elf:3)
  Nessos (D:12)
  A deep elf annihilator (Elf:3)
  Azrael (D:13)
  A minotaur (Gauntlet)
  Snorg (Lair:5)
  4 entropy weavers (D:12)
  A deep elf death mage (Elf:1)
  A yaktaur captain (D:14)
  4 fire dragons
  3 salamander tyrants (Snake:4)
  4 vault guards
  2 boulder beetles (D:14)
  21 hydras
  2 ogre magi (Orc:1)
  6 naga warriors
  2 ghost crabs (D:12)
  10 anacondas
  7 centaur warriors
  A death knight (D:15)
  15 two-headed ogres
  Erica (D:10)
  6 tengu warriors
  3 death yaks (Gauntlet)
  4 spriggan berserkers (Elf:1)
  5 shock serpents
  16 deep elf knights
  13 naga sharpshooters
  Sonja (Lair:4)
  Nergalle (D:10)
  5 fire crabs
  6 salamander mystics
  3 sea snakes (Snake:1)
  2 deep trolls (Orc:1)
  A wizard (D:15)
  10 naga ritualists
  9 deep elf archers
  An orange crystal statue (Elf:1)
  9 mana vipers
  Pikel (D:5)
  2 orc knights (D:15)
  20 deep elf zephyrmancers
  2 harpies (Elf:1)
  2 necromancers
  22 deep elf pyromancers
  14 manticores
  3 orc sorcerers
  11 salamanders
  15 ugly things
  9 cyclopes
  A guardian serpent (Snake:3)
  10 elephants
  An apocalypse crab (D:12)
  16 naga magi
  26 black mambas
  A torpor snail (Gauntlet)
  Maggie (D:7)
  A gargoyle (D:12)
  Psyche (D:11)
  4 cane toads
  A komodo dragon (shapeshifter) (Elf:1)
  6 rime drakes
  11 komodo dragons
  A guardian mummy (D:11)
  3 tengu conjurers
  2 freezing wraiths (D:14)
  2 burning bushes (Lair:2)
  15 trolls
  A wind drake (Lair:1)
  A polar bear (Lair:5)
  A polar bear (shapeshifter) (D:15)
  A wolf spider simulacrum (D:15)
  Prince Ribbit (D:6)
  Grinder (D:3)
  13 dream sheep (Lair:5)
  A slime creature (D:14)
  6 blink frogs
  A centaur simulacrum (D:13)
  A water elemental (Elf:2)
  4 wyverns
  2 vampires
  4 air elementals
  50 yaks
  2 wraiths (D:12)
  5 basilisks
  5 fire elementals
  9 vampire mosquitoes
  9 steam dragons
  2 wargs
  An acid dragon (shapeshifter) (D:14)
  37 nagas
  16 water moccasins
  2 acid dragons
  8 hell hounds
  An ice beast (D:7)
  17 orc warriors
  3 black bears
  A sky beast (D:8)
  A tengu (shapeshifter) (D:14)
  5 centaurs
  23 ogres
  27 wolves
  A phantom (D:3)
  2 kobold brigands
  12 bullfrogs
  4 scorpions
  An earth elemental (Elf:1)
  4 wights (D:8)
  3 killer bees (D:8)
  2 electric eels (Snake:1)
  A howler monkey (D:8)
  5 centaur zombies
  A bullfrog zombie (D:5)
  3 jellies
  6 centaur skeletons
  7 orc priests
  2 gnoll shamans
  3 hounds
  A bullfrog skeleton (D:5)
  An iguana (D:6)
  8 orc wizards
  8 mummies (Ossuary)
  6 gnolls
  4 adders
  A shadow imp (D:7)
  3 ufetubi
  A dart slug (D:2)
  63 orcs
  4 ball pythons
  7 bats
  7 endoplasms
  3 giant cockroaches (D:4)
  8 goblins
  4 hobgoblins
  2 quokkas
  4 frilled lizards
  A hobgoblin zombie (Ossuary)
  20 kobolds
  6 kobold zombies (Ossuary)
  An orc zombie (Ossuary)
  3 rats
889 creatures vanquished.

Vanquished Creatures (collateral kills)
  Aizul (Snake:2)
1 creature vanquished.

Vanquished Creatures (others)
  34 dancing weapons
  A deep elf knight (Elf:2)
  A deep elf archer (Elf:3)
  A wizard (D:15)
  An orc sorcerer (Elf:2)
  4 deep elf pyromancers (Elf:2)
  An air elemental (Elf:1)
  A chaos spawn (Abyss:2)
  A small abomination (Abyss:2)
  A hound (D:11)
  An orc wizard (D:7)
  An orc (D:8)
  2 bushes
  14 demonic plants (Gauntlet)
  40 fungi
  34 plants
  12 starspawn tentacles (Abyss:2)
  22 withered plants (Gauntlet)
172 creatures vanquished.

Grand Total: 1062 creatures vanquished

Notes
Turn   | Place    | Note
-------+----------+-------------------------------------------
     0 | D:5      | flotson the Demonspawn Delver began the quest for the Orb.
     0 | D:5      | Reached XP level 1. HP: 18/18 MP: 1/1
   172 | D:5      | Noticed a black bear
   344 | D:2      | Gained mutation: Your touch may inflict minor irresistible
                  | damage on your foes. [demonic ancestry]
   344 | D:2      | Reached XP level 2. HP: 15/24 MP: 2/2
   492 | D:2      | Found a faded altar of an unknown god.
   494 | D:2      | Noticed a great orb of eyes
   494 | D:2      | Noticed a golden eye
   499 | D:2      | Noticed a great orb of eyes
   499 | D:2      | Noticed a shining eye
   717 | D:2      | Reached skill level 1 in Armour
   760 | D:2      | Gained mutation: When seriously injured, your bleeding
                  | wounds create armour. (AC +12) [demonic ancestry]
   760 | D:2      | Reached XP level 3. HP: 10/29 MP: 3/3
  2213 | D:3      | Noticed Grinder
  2395 | D:3      | Reached XP level 4. HP: 25/35 MP: 4/4
  2661 | D:3      | Noticed a phantom
  3025 | D:4      | Noticed an ogre
  3082 | D:4      | Noticed a black bear
  3317 | D:3      | Paralysed by Grinder for 3 turns
  3323 | D:3      | Paralysed by Grinder for 3 turns
  3328 | D:3      | Paralysed by Grinder for 6 turns
  3361 | D:3      | Killed Grinder
  3362 | D:3      | Reached skill level 1 in Throwing
  3362 | D:3      | Reached skill level 2 in Armour
  3362 | D:3      | Reached skill level 1 in Shields
  3362 | D:3      | Reached XP level 5. HP: 27/42 MP: 5/5
  3362 | D:3      | Gained mutation: Spells you cast may paralyse adjacent
                  | enemies. [demonic ancestry]
  3362 | D:3      | Reached XP level 6. HP: 31/48 MP: 6/6
  3871 | D:4      | Gained mutation: Your touch may inflict irresistible damage
                  | on your foes. [demonic ancestry]
  3871 | D:4      | Reached XP level 7. HP: 35/55 MP: 7/7
  4450 | D:4      | Found a burning altar of Makhleb.
  5449 | D:5      | Found a shadowy altar of Dithmenos.
  5548 | D:5      | Reached skill level 3 in Armour
  5548 | D:5      | Reached skill level 1 in Evocations
  6299 | D:6      | Gained mutation: Your touch may irresistibly damage your
                  | foes and sap their willpower. [demonic ancestry]
  6299 | D:6      | Reached XP level 8. HP: 61/61 MP: 8/8
  6303 | D:6      | Noticed Prince Ribbit
  6317 | D:6      | Noticed Pikel
  6324 | D:6      | Reached skill level 5 in Fighting
  6376 | D:5      | Killed Pikel
  6669 | D:6      | Killed Prince Ribbit
  6997 | D:6      | Reached skill level 4 in Armour
  7003 | D:6      | Gained mutation: When seriously injured, your bleeding
                  | wounds create thick armour. (AC +12) [demonic ancestry]
  7003 | D:6      | Reached XP level 9. HP: 65/68 MP: 9/9
  8646 | D:7      | Reached skill level 5 in Dodging
  8700 | D:7      | Noticed Maggie
  8731 | D:7      | Killed Maggie
  8732 | D:7      | Reached skill level 5 in Axes
  8890 | D:7      | Found a radiant altar of Vehumet.
  9822 | D:7      | Found a staircase to the Ecumenical Temple.
  9853 | Temple   | Entered the Ecumenical Temple
  9857 | Temple   | Became a worshipper of Gozag Ym Sagoz the Greedy
 10545 | D:8      | Found a sand-covered staircase.
 10554 | Ossuary  | Entered an ossuary
 11040 | D:8      | Reached skill level 5 in Armour
 11040 | D:8      | Reached XP level 10. HP: 33/73 MP: 10/10
 12323 | D:8      | Found an ancient bone altar of Kikubaaqudgha.
 12410 | D:9      | Reached skill level 5 in Throwing
 13310 | D:8      | Found an ancient bone altar of Kikubaaqudgha.
 14238 | D:9      | Reached skill level 5 in Shields
 14270 | D:9      | Noticed a deep elf pyromancer
 14275 | D:9      | Killed a deep elf pyromancer
 14523 | D:9      | Identified the +8 long sword of the Poles {antimagic, Int+4
                  | Dex+4 SInv}
 14997 | D:10     | Entered Level 10 of the Dungeon
 15022 | D:10     | Found a staircase to the Orcish Mines.
 15075 | D:10     | Noticed Nergalle
 15114 | D:10     | Killed Nergalle
 15486 | D:10     | Noticed a two-headed ogre
 15565 | D:10     | Killed a two-headed ogre
 15566 | D:10     | Reached skill level 6 in Armour
 15700 | D:10     | Noticed Erica
 15726 | D:10     | Killed Erica
 15727 | D:10     | Gained mutation: You sometimes gain a little power by
                  | taking damage. [demonic ancestry]
 15727 | D:10     | Reached XP level 11. HP: 44/84 MP: 3/11
 16560 | D:11     | Found a staircase to the Lair.
 16883 | D:11     | Noticed Psyche
 16897 | D:11     | Killed Psyche
 17185 | D:11     | Noticed an eight-headed hydra
 17205 | D:11     | Noticed a two-headed ogre
 17243 | D:11     | Killed a two-headed ogre
 17898 | D:11     | Killed a five-headed hydra
 18225 | D:11     | Found a portal to a secret trove of treasure.
 18316 | Lair:1   | Entered Level 1 of the Lair of Beasts
 18952 | D:11     | Reached skill level 7 in Armour
 21012 | Lair:2   | Gained mutation: Spells you cast may paralyse nearby
                  | enemies. [demonic ancestry]
 21012 | Lair:2   | Reached XP level 12. HP: 62/94 MP: 12/12
 21291 | Lair:2   | Noticed an eight-headed hydra
 21787 | Lair:2   | Found a staircase to the Shoals.
 21790 | Lair:2   | Noticed a five-headed hydra
 22074 | Lair:1   | Killed a one-headed hydra
 23698 | Lair:2   | Killed a one-headed hydra
 24246 | Lair:3   | Noticed a five-headed hydra
 24278 | Lair:2   | Reached skill level 8 in Armour
 24495 | Lair:3   | Killed a one-headed hydra
 24809 | Lair:3   | Noticed an eight-headed hydra
 24827 | Lair:3   | Killed a one-headed hydra
 25184 | Lair:3   | Noticed an eight-headed hydra
 25210 | Lair:3   | Killed a three-headed hydra
 26325 | Lair:3   | Got the Reference Book on Cloudy Transformation
 26537 | Lair:3   | Reached skill level 10 in Fighting
 26765 | Lair:3   | Noticed a four-headed hydra
 26776 | Lair:3   | Killed a one-headed hydra
 26940 | Lair:4   | Noticed a six-headed hydra
 26952 | Lair:4   | Killed a one-headed hydra
 27033 | Lair:4   | Identified the +11 long sword of the Madman {vorpal, rN+}
 27245 | Lair:4   | Reached XP level 13. HP: 82/103 MP: 13/13
 27350 | Lair:4   | Found a staircase to the Snake Pit.
 27839 | Lair:4   | Noticed Sonja
 27841 | Lair:4   | Killed Sonja
 28366 | Lair:4   | Reached skill level 9 in Armour
 29578 | Lair:5   | Noticed Snorg
 29606 | Lair:5   | Killed Snorg
 31667 | Lair:5   | Noticed a fire dragon
 31701 | Lair:5   | Killed a fire dragon
 31818 | Lair:5   | Reached skill level 10 in Axes
 31818 | Lair:5   | Reached skill level 10 in Dodging
 32052 | Lair:5   | Got the Volume of Icy Translocation
 32275 | Orc:1    | Entered Level 1 of the Orcish Mines
 32435 | Orc:2    | Entered Level 2 of the Orcish Mines
 32435 | Orc:2    | Found Suotaus's Magic Scroll Emporium.
 32545 | Orc:2    | Found Vyshriasm's Jewellery Shoppe.
 32545 | Orc:2    | Found Acuyt's Jewellery Shoppe.
 32545 | Orc:2    | Found Vusul's Antique Armour Shop.
 32571 | Orc:1    | Gained mutation: When seriously injured, your bleeding
                  | wounds create very thick armour. (AC +12) [demonic
                  | ancestry]
 32571 | Orc:1    | Reached XP level 14. HP: 67/113 MP: 14/14
 32753 | Orc:1    | Reached skill level 10 in Armour
 32992 | Orc:1    | Bought the ring of the Hare {EV+8} for 2048 gold pieces
 32992 | Orc:1    | Found the ring of the Hare {EV+8}
 33331 | Orc:1    | Paralysed by something for 3 turns
 33671 | Orc:2    | Paralysed by an ogre mage for 7 turns
 33985 | Orc:1    | Reached skill level 10 in Shields
 34134 | Orc:2    | Paralysed by something for 6 turns
 34424 | Orc:2    | Bought a scroll of identify for 26 gold pieces
 34424 | Orc:2    | Bought a scroll of identify for 26 gold pieces
 34500 | Orc:2    | Found Takhyt Jutu's Weapon Boutique.
 34525 | Orc:2    | Found a staircase to the Elven Halls.
 34647 | Orc:2    | Bought 5 curare-tipped darts for 51 gold pieces
 34663 | Orc:2    | Bought a spiked scale mail for 252 gold pieces
 34663 | Orc:2    | Identified the +8 scale mail "Biahuife" {MP-9 Int+6 Stlth+}
                  | (You bought it in a shop on level 2 of the Orcish Mines)
 34663 | Orc:2    | Bought a polished ring mail for 252 gold pieces
 34663 | Orc:2    | Identified the +1 ring mail of Absolutism {Rampage rCorr
                  | Str+3 Stlth-} (You bought it in a shop on level 2 of the
                  | Orcish Mines)
 35408 | Orc:1    | Bought a scroll labelled IHODEY HEUDEI for 26 gold pieces
 35408 | Orc:1    | Bought a scroll labelled CAHIRE CELAKO for 26 gold pieces
 35408 | Orc:1    | Bought a scroll of identify for 52 gold pieces
 35411 | Orc:1    | Bought an embroidered cloak for 262 gold pieces
 35440 | D:10     | Bought a scroll of identify for 68 gold pieces
 35440 | D:10     | Bought a scroll of identify for 68 gold pieces
 35554 | D:12     | Found a snail-covered altar of Cheibriados.
 35761 | D:12     | Noticed Nessos
 35776 | D:12     | Killed Nessos
 36144 | D:12     | Found a runed translucent door.
 38348 | D:12     | Reached skill level 5 in Evocations
 39936 | D:13     | Found an ornate altar of the Wu Jian Council.
 40452 | D:13     | Noticed Azrael
 40509 | D:13     | Gained mutation: You sometimes gain power by taking damage.
                  | [demonic ancestry]
 40509 | D:13     | Reached XP level 15. HP: 64/120 MP: 6/15
 40520 | D:13     | Killed Azrael
 40912 | D:14     | Noticed Rupert
 40925 | D:14     | Paralysed by Rupert for 7 turns
 40944 | D:14     | Killed Rupert
 41136 | D:14     | Found a gate to the Vaults.
 41300 | D:14     | Reached skill level 11 in Armour
 41627 | D:14     | Found Kienger's Book Emporium.
 41630 | D:14     | Bought a manual of Armour for 880 gold pieces
 42368 | D:14     | Noticed a fire giant
 42561 | D:14     | Killed a fire giant
 43118 | D:15     | Entered Level 15 of the Dungeon
 43136 | D:15     | Noticed Agnes
 43146 | D:15     | Found Sasuan's Weapon Shoppe.
 43185 | D:15     | Found a gate leading to a gauntlet.
 43194 | Gauntlet | Entered a Gauntlet
 43194 | Gauntlet | Found a transporter.
 43203 | Gauntlet | Found a transporter.
 43218 | Gauntlet | Found a transporter.
 43223 | Gauntlet | Found a transporter.
 43242 | Gauntlet | Found a transporter.
 43257 | Gauntlet | Found a transporter.
 43269 | Gauntlet | Found a transporter.
 43281 | Gauntlet | Found a transporter.
 43299 | Gauntlet | Found a transporter.
 43305 | Gauntlet | Found a transporter.
 43314 | Gauntlet | Found a transporter.
 43320 | Gauntlet | Found a transporter.
 43320 | Gauntlet | Found a transporter.
 43359 | Gauntlet | Found a transporter.
 43384 | Gauntlet | Found a transporter.
 43386 | Gauntlet | Found a transporter.
 43486 | Gauntlet | Found a transporter.
 43612 | Gauntlet | Found a transporter.
 43768 | Gauntlet | Identified the +0 helmet "Qyfoth" {rF- Regen+ Int+4}
 43813 | Gauntlet | Identified the ring "Damnable Contraption" {rN++ Will-
                  | Int+6 Slay-4 Stlth+}
 43844 | Gauntlet | Identified the +2 leather armour of Bautynio {Int+3 Dex+3}
 43870 | D:15     | Killed Agnes
 44150 | D:15     | Reached XP level 16. HP: 97/129 MP: 7/16
 44699 | D:15     | Reached skill level 12 in Armour
 45067 | D:15     | Found a staircase to the Depths.
 45198 | D:10     | Bought a fine hand axe for 272 gold pieces
 45198 | D:10     | Identified the +9 hand axe of Alodeh {vorpal, rCorr Int+2}
                  | (You bought it in a shop on level 10 of the Dungeon)
 45198 | D:10     | Bought a slimy war axe for 289 gold pieces
 45198 | D:10     | Identified the +2 war axe "Bingo" {venom, Int+3} (You
                  | bought it in a shop on level 10 of the Dungeon)
 45198 | D:10     | Bought a scroll of identify for 68 gold pieces
 45198 | D:10     | Bought a scroll of teleportation for 102 gold pieces
 45198 | D:10     | Bought a scroll of teleportation for 102 gold pieces
 45296 | Snake:1  | Entered Level 1 of the Snake Pit
 47049 | Snake:2  | Noticed Aizul
 47059 | Snake:2  | Killed Aizul
 48344 | Snake:3  | Found a runed translucent gate.
 48344 | Snake:3  | Found a runed translucent gate.
 48344 | Snake:3  | Found an opulent altar of Gozag.
 48344 | Snake:3  | Found a runed translucent gate.
 48350 | Snake:3  | Identified the +0 ring mail "Ijuuruwu" {rElec}
 48441 | Snake:3  | Noticed Kesiemad's ghost (journeyman GnWz)
 48679 | Snake:3  | Found Xoerphem's Assorted Antiques.
 49306 | Snake:3  | Reached skill level 13 in Armour
 49823 | Snake:4  | Entered Level 4 of the Snake Pit
 49826 | Snake:3  | Upgraded the game from 0.28-a0-653-g7e9dba17c3 to
                  | 0.28-a0-655-g4eb62b627b
 49894 | Snake:4  | Gained mutation: You punish those that try to bend your
                  | will. (Will+) [demonic ancestry]
 49894 | Snake:4  | Reached XP level 17. HP: 114/138 MP: 8/17
 50813 | Snake:4  | Noticed Mara
 50819 | Snake:4  | Noticed flotson's illusion
 50983 | Snake:4  | Noticed flotson's illusion
 51216 | Snake:4  | Bought a potion of heal wounds for 80 gold pieces
 51216 | Snake:4  | Bought 6 datura-tipped darts for 38 gold pieces
 51216 | Snake:4  | Bought a potion of attraction for 48 gold pieces
 51239 | Snake:4  | Killed Mara
 52127 | Snake:4  | Got a serpentine rune of Zot
 52393 | Elf:1    | Entered Level 1 of the Elven Halls
 52749 | Elf:1    | Reached skill level 14 in Armour
 53152 | Elf:1    | Paralysed by an air elemental for 1 turns
 53156 | Elf:1    | Paralysed by an air elemental for 1 turns
 53161 | Elf:1    | Paralysed by an air elemental for 1 turns
 53166 | Elf:1    | Paralysed by an air elemental for 1 turns
 53168 | Elf:1    | Paralysed by an air elemental for 1 turns
 53563 | Elf:1    | Found a bloodstained altar of Trog.
 53845 | Elf:1    | Reached XP level 18. HP: 67/147 MP: 9/18
 54320 | Elf:1    | Paralysed by an air elemental for 1 turns
 54413 | Elf:2    | Found a flickering gateway to a bazaar.
 54433 | Bazaar   | Entered a bazaar
 54433 | Bazaar   | Found Gikhlif's Weapon Shop.
 54433 | Bazaar   | Found Tugru's Armour Shop.
 54433 | Bazaar   | Found Itoobas's Assorted Antiques.
 54433 | Bazaar   | Found Ofrosiba's Jewellery Boutique.
 54509 | Bazaar   | Bought a +2 cloak of preservation for 279 gold pieces
 54523 | Bazaar   | Bought the +5 chain mail of Living Music {rF+} for 565 gold
                  | pieces
 54619 | Elf:1    | HP: 6/147 [deep elf death mage/vampiric draining (10)]
 54825 | Elf:2    | Paralysed by an air elemental for 1 turns
 54827 | Elf:2    | Paralysed by an air elemental for 1 turns
 54829 | Elf:2    | Paralysed by an air elemental for 1 turns
 54832 | Elf:2    | Paralysed by an air elemental for 1 turns
 55066 | Elf:2    | Reached skill level 10 in Evocations
 55200 | Elf:2    | Found a runed translucent gate.
 55200 | Elf:2    | Found a runed translucent gate.
 55201 | Elf:2    | Found a runed translucent gate.
 55426 | Elf:2    | Paralysed by an air elemental for 1 turns
 55432 | Elf:2    | Paralysed by an air elemental for 1 turns
 55992 | Elf:2    | Reached skill level 15 in Armour
 56057 | Elf:2    | Reached skill level 10 in Throwing
 56367 | Elf:3    | Entered Level 3 of the Elven Halls
 56482 | Elf:3    | Cast into level 2 of the Abyss (a deep elf sorcerer)
 56571 | Abyss:2  | Noticed a tentacled monstrosity
 56616 | Elf:3    | Escaped the Abyss
 56860 | Elf:3    | Identified the ring "Kiuv" {Contam rF+ rN+++ Dex+7}
 57096 | Elf:3    | Identified the +5 rapier of Rielar {venom, MP+9}
 57301 | Elf:3    | Identified the ring of Enolyimicw {Int+6 SInv}
 57347 | Elf:2    | HP: 7/148 [deep elf blademaster (15)]
 57347 | Elf:2    | Slain by a deep elf blademaster

Illustrated notes

Levels and vault maps discovered:
D:1:      amcnicky_arrival_abandoned_market, layout_rooms
D:2:      layout_rooms, hellmonk_ecumenical_altar_watching_god
D:3:      layout_rooms, old_standard_altar, uniq_grinder
D:4:      layout_loops_corners, bloody_makhleb
D:5:      layout_gridville, grunt_dithmenos_smoke_and_mirrors,
          nicolae_tso_swordbearing_angel, minivault_4, st_stairs_4
D:6:      layout_basic, kennysheep_pointless_box, uniq_prince_ribbit1,
          uniq_pikel
D:7:      layout_layer_cave, mainiacjoe_overflow_small_starburst,
          minmay_temple_entry_drinking_statues, grunt_ministairs_11, uniq_maggie
D:8:      layout_loops_cross, mainiacjoe_overflow_alcove_4,
          nicolae_ossuary_entry_monument
D:9:      layout_basic
D:10:     layout_roguey, orc_0_dummy, serial_corexii_hall,
          corexii_hall_statues_deadend, chequers_hall_statues_wall_a,
          uniq_erica, uniq_nergalle
D:11:     layout_roguey, erik_lair_island, nicolae_trove_entry_path_of_doom,
          uniq_psyche
D:12:     gammafunk_mikee_crab_dinner, layout_layer_cave, hangedman_glass_teeth,
          cheibriados_altar_1, uniq_nessos
D:13:     layout_gridville, minmay_misc_feat_tiny, hangedman_weighted_door,
          nzn_wu_jian_contemplation, uniq_azrael
D:14:     nzn_winding_woodlands_cross [nzn_winding_woodlands_5x15_default,
          nzn_winding_woodlands_5x15_split_checker,
          nzn_winding_woodlands_5x15_twine,
          nzn_winding_woodlands_5x15_river_crossing,
          nzn_winding_woodlands_15x15_thick_spiral], layout_layer_cave,
          lightli_vaults_fourway_checkpoint, serial_shops, kennysheep_mini,
          st_stairs_8, uniq_rupert
D:15:     grunt_enter_depths_magical_seal, layout_rooms, special_room
          [special_room_orc], serial_shops, nicolae_shop_trees,
          gauntlet_entry_generic, serial_park_square1
          [serial_park_minivault_5x5_3], uniq_agnes
Temple:   nicolae_temple_x_marks_the_god
Lair:1:   layout_misc_corridors
Lair:2:   layout_roguey, minmay_shoals_entry_beasts, evilmike_ambush
          [evilmike_ambush_outer_basic, evilmike_ambush_inner_basic]
Lair:3:   layout_misc_corridors, grunt_megastairs_1
Lair:4:   layout_cellular_growth, guppyfry_snake_entry_island, minivault_27,
          uniq_sonja
Lair:5:   layout_cave_shapes, bobbens_dragon_lair_wall, uniq_snorg
Snake:1:  layout_cave_pods, st_stairs_11, grunt_ministairs_3,
          serial_bayou_shore_a
Snake:2:  layout_chambers, uniq_aizul
Snake:3:  layout_misc_corridors, ebering_ghost_gozag,
          nicolae_snake_yet_another_twisty_hallway
Snake:4:  minmay_snake_end_coiled, layout_cave_town, st_stairs_3,
          nicolae_coiled_stairwell_up, uniq_mara
Orc:1:    layout_diamond_mine
Orc:2:    st_orc_open, layout_caves, serial_shops, nicolae_shop_waterfront
Elf:1:    eino_elf_arrival_the_gate, layout_loops_cross, special_room
          [special_room_mythical_zoo], minivault_28, minivault_16,
          evilmike_spriggan_trog_shrine
Elf:2:    nicolae_elf_blades_splatter_lattice
          [nicolae_blade_entry_crossed_weapons], layout_geoelf_grid,
          serial_shops, bzr_entry_islet
Elf:3:    grunt_elf_hall_spiral, layout_loops_ring, nicolae_elf_altarnating

Skill      XL: |  1  2  3  4  5  6  7  8  9 10 11 12 13 14 15 16 17 18 |
---------------+-------------------------------------------------------+-----
Axes           | 2 3 4 5 6 7 8 10 11 12 13 | 13.5
Dodging        | 2 3 4 5 6 7 9 10 11 12 13 | 13.5
Armour         | 1 2 3 4 5 6 7 8 9 10 11 13 14 15 | 15.2
Fighting       | 4 5 6 7 8 10 11 12 13 14 | 14.8
Throwing       | 1 2 3 4 5 7 8 9 10 | 10.1
Shields        | 1 2 3 4 5 7 8 9 10 11 12 13 | 13.2
Evocations     | 1 3 4 5 7 8 9 10 | 10.5
Stealth        | |  4.5

Action                   |  1- 3 |  4- 6 |  7- 9 | 10-12 | 13-15 | 16-18 || total
-------------------------+-------+-------+-------+-------+-------+-------++-------
Melee: Hand axe          |     6 |       |       |       |       |       ||     6
       Spear             |    96 |    11 |       |       |       |       ||   107
       Touch             |    13 |       |       |       |       |       ||    13
       Flail             |       |    49 |   354 |       |       |       ||   403
       Broad axe         |       |       |   186 |   901 |  1449 |  2040 ||  4576
       Long sword        |       |       |       |    41 |     7 |       ||    48
       War axe           |       |       |       |    71 |     3 |       ||    74
       Scimitar          |       |       |       |    66 |    60 |    27 ||   153
 Fire: Hunting sling     |    16 |    31 |       |    10 |       |       ||    57
Throw: Boomerang         |       |    12 |     1 |    33 |    88 |       ||   134
       Dart              |       |       |    19 |    10 |    21 |     1 ||    51
       Javelin           |       |       |     3 |    24 |     4 |    12 ||    43
       Throwing net      |       |       |     2 |     1 |       |       ||     3
Invok: Call Merchant     |       |       |       |       |     4 |     2 ||     6
Evoke: Wand              |       |       |       |    22 |    27 |    10 ||    59
       Condenser vane    |       |       |       |       |     3 |     1 ||     4
  Use: Scroll            |     1 |       |     1 |    20 |    23 |    10 ||    55
       Potion            |       |     2 |     8 |     8 |    17 |     4 ||    39
 Stab: Sleeping          |     6 |       |     4 |     7 |     6 |    11 ||    34
       Distracted        |       |       |     1 |     3 |    18 |    13 ||    35
       Held in net/web   |       |       |     1 |       |       |       ||     1
       Confused          |       |       |       |       |     1 |       ||     1
       Invisible         |       |       |       |       |     6 |       ||     6
Armor: Leather armour    |     3 |       |       |       |       |       ||     3
       Ring mail         |    28 |    37 |   257 |       |       |       ||   322
       Steam dragon scal |       |       |    83 |   609 |   261 |       ||   953
       Scale mail        |       |       |       |       |   693 |   512 ||  1205
       Chain mail        |       |       |       |       |       |   222 ||   222
       Quicksilver drago |       |       |       |       |       |    35 ||    35
       Gold dragon scale |       |       |       |       |       |    28 ||    28
Dodge: Dodged            |    60 |    26 |   222 |   636 |  1553 |  1476 ||  3973
Block: Tower shield      |    12 |    51 |   537 |  1129 |  2095 |  2479 ||  6303

Table legend: (Time is in decaauts)
 A = Elapsed time spent in this place.
 B = Non-inter-level travel time spent in this place.
 C = Inter-level travel time spent in this place.
 D = Time resting spent in this place.
 E = Time spent auto-exploring this place.
 F = Levels seen in this place.
 G = Mean time per level.
                   A        B        C        D        E       F      G
               +--------+--------+--------+--------+--------+-----+--------+
         Total |  59720 |  56920 |   2800 |   4472 |  38098 |  34 | 1756.5 |
       Dungeon |  28962 |  27475 |   1487 |    993 |  20312 |  15 | 1930.8 |
        Temple |      8 |      4 |      4 |      0 |      0 |   1 |    8.0 |
          Lair |  14301 |  13686 |    615 |   2416 |   8613 |   5 | 2860.2 |
     Snake Pit |   6896 |   6483 |    413 |    389 |   3981 |   4 | 1724.0 |
  Orcish Mines |   3375 |   3238 |    137 |    459 |   2102 |   2 | 1687.5 |
   Elven Halls |   4878 |   4735 |    143 |    215 |   2439 |   3 | 1626.0 |
         Abyss |    133 |    133 |      0 |      0 |      0 |   1 |  133.0 |
        Bazaar |    115 |    115 |      0 |      0 |     75 |   1 |  115.0 |
       Ossuary |    362 |    362 |      0 |      0 |    254 |   1 |  362.0 |
      Gauntlet |    686 |    686 |      0 |      0 |    320 |   1 |  686.0 |
               +--------+--------+--------+--------+--------+-----+--------+

Top non-repeatable levels by time:
    D:12: 4544 daAuts
  Lair:1: 4041 daAuts
  Lair:4: 3087 daAuts
  Lair:3: 2775 daAuts
     D:8: 2582 daAuts
    D:14: 2553 daAuts
    D:11: 2547 daAuts
   Orc:1: 2522 daAuts
   Elf:1: 2331 daAuts
     D:6: 2331 daAuts
  Lair:5: 2226 daAuts
  Lair:2: 2170 daAuts
 Snake:4: 2165 daAuts
     D:5: 2107 daAuts
     D:7: 2004 daAuts
